 Dungeon Crawl Stone Soup version 0.31-a0-489-g282fc92437 (webtiles) character file.

Game seed: 7747122441443176808

3407 AIAndy the Mimic (level 10, -1/65 HPs)
             Began as an Octopode Shapeshifter on Aug 7, 2023.
             Was an Initiate of Gozag.
             Slain by a yak (5 damage)
             ... on level 8 of the Dungeon.
             The game lasted 00:22:16 (8344 turns).

AIAndy the Mimic (Octopode Shapeshifter)            Turns: 8344, Time: 00:22:17

Health: -1/65      AC:  1    Str: 19    XL:     10   Next: 4%
Magic:  10/10      EV: 14    Int: 11    God:    Gozag
Gold:   360        SH:  0    Dex: 12    Spells: 9/9 levels left

rFire   x .          .
                       - Unarmed
rCold   . . .        (no shield)
rNeg    + + +        (helmet restricted)
rPois   +            (no amulet)
rElec   .            n - ring of Jumnor {rPois rF- rN+++ rCorr Stlth+}
rCorr   +            (no ring)
SInv    .            (no ring)
Will    .....        (no ring)
Stlth   +++          (no ring)
HPRegen 0.30/turn    (no ring)
MPRegen 0.12/turn    (no ring)
                     (no ring)

%: no passive effects
@: maw-form, gold aura
A: devouring maw, almost no armour, amphibious, 8 rings, camouflage 1,
gelatinous body 1, (nimble swimmer 1), tentacles
a: Begin Untransformation, Renounce Religion, Potion Petition, Call Merchant,
Bribe Branch


You were on level 8 of the Dungeon.
You worshipped Gozag.
Gozag was aware of your devotion.
You were a creature with a mouth for a stomach.
You visited 2 branches of the dungeon, and saw 9 of its levels.

You collected 475 gold pieces.
You paid 115 gold pieces to Gozag.


Innate Abilities, Weirdness & Mutations

You are a creature with a mouth for a stomach.
Your midsection houses a second, enormous mouth.
You cannot wear most types of armour.
You are amphibious.
You can wear up to eight rings at the same time.
Your skin changes colour to match your surroundings (Stealth+).
Your rubbery body absorbs attacks. (AC +1, EV +1)
((You are camouflaged when in or above water. (Stealth+)))
You have tentacles for arms and can constrict up to eight enemies at once.


   Skills:
 + Level 4.8 Fighting
 - Level 5.0 Dodging
 + Level 6.0 Unarmed Combat
 + Level 9.8 Shapeshifting


You had 9 spell levels left.
You didn't know any spells.
Your spell library contained the following spells:

 Spells                   Type           Power      Damage    Failure   Level
 Kiss of Death            Conj/Necr      0%         2d5       34%         1
 Shock                    Conj/Air       0%         1d3       34%         1
 Sting                    Tmut/Pois      0%         1d3       34%         1
 Cigotuvi's Dreadful Rot  Necr/Pois/Air  0%         N/A       47%         2
 Poisonous Vapours        Pois/Air       0%         N/A       47%         2
 Confusing Touch          Hex            0%         N/A       71%         3
 Portal Projectile        Hex/Tloc       0%         N/A       71%         3
 Swiftness                Air            0%         N/A       71%         3
 Tukima's Dance           Hex            0%         N/A       71%         3
 Volatile Blastmotes      Fire/Tloc      0%         2d10      71%         3
 Airstrike                Air            0%         2d(0-16)  98%         4
 Dispel Undead            Necr           0%         3d6       98%         4
 Fulminant Prism          Conj/Hex       0%         3d5       98%         4
 Iskenderun's Mystic Bla  Conj/Tloc      0%         2d3       98%         4
 Olgreb's Toxic Radiance  Pois           0%         N/A       98%         4
 Death Channel            Necr           0%         N/A       100%        6

Inventory:

Hand Weapons
 B - a +2 battleaxe of freezing
Missiles
 p - 9 poisoned darts (quivered)
 v - 6 boomerangs
Magical Staves
 g - a staff of poison
 A - a staff of conjuration {!a}
Jewellery
 n - the ring of Jumnor (left tentacle) {rPois rF- rN+++ rCorr Stlth+}
   (You found it on level 2 of the Dungeon)

   [ring of poison resistance]

   rF:        It makes you vulnerable to fire.
   rPois:     It protects you from poison.
   rN:        It renders you almost immune to negative energy.
   rCorr:     It protects you from acid and corrosion.
   Stlth:     It makes you more stealthy.
Talismans
 b - a beast talisman
 e - a maw talisman (active)
Wands
 k - a wand of paralysis (4)
 x - a wand of roots (6)
 y - a wand of mindburst (17)
 F - a wand of digging (4)
Scrolls
 h - a scroll of enchant weapon {unknown}
 i - 2 scrolls of fear {unknown}
 j - 2 scrolls of identify {unknown}
 m - 4 scrolls of immolation {unknown}
 q - a scroll of acquirement {unknown}
 r - 5 scrolls of teleportation {@r4}
 t - a scroll of silence {unknown}
 C - a scroll of blinking {unknown}
 D - 3 scrolls of poison {unknown}
 E - 2 scrolls of amnesia {unknown}
Potions
 a - 6 potions of lignification {!q}
 c - 3 potions of brilliance {unknown}
 d - 2 potions of cancellation {unknown}
 f - a potion of degeneration {unknown}
 l - 5 potions of curing {@q1}
 o - a potion of might {unknown}
 s - 2 potions of attraction {unknown}
 u - 2 potions of ambrosia {unknown}
 w - 3 potions of enlightenment {unknown}
 z - 3 potions of heal wounds {unknown}

Dungeon Overview and Level Annotations

Branches:
Dungeon (8/15)             Temple (1/1) D:7
   Lair: D:8-11

Altars:
Cheibriados
Dithmenos
Elyvilon
Fedhas
Gozag
Kikubaaqudgha
Nemelex Xobeh
Okawaru
Qazlal
Ru
Sif Muna
Trog
Uskayaw
Wu Jian
Xom
Yredelemnul
Zin
The Shining One

Shops:
D:3 [*?   D:4 =   D:5 *   D:7 (=

Annotations:
D:5 1 runed translucent door, Crazy Yiuf

# .## ..# .▒
$▒▒.# ..▒
▒▒▒▒..# ...▒
▒▒.▒...# #...
▒....#W# #..▒
$▒▒..YY.#
#..▒▒▒..##..#
#..▒..####.#
#..$...###.#
#.####..(..#
# #.##### #.#
#$#


You could see 2 yaks.


Message History

The yak bellows! x3
You bludgeon the yak!
The yak is moderately wounded.
You bludgeon the yak! You squeeze the yak.
The yak is heavily wounded.
The yak gores you!
You tentacle-slap the yak. You bite the yak.
The yak is heavily wounded.
The yak misses you. The yak barely misses you.
You tentacle-slap the yak but do no damage.
Your bite misses the yak. The yak gores you!
You bludgeon the yak! Your squeeze misses the yak.
The yak is moderately wounded.
You closely miss the yak. You squeeze the yak. You bite the yak!
You kill the yak!
The yak gores you!
* * * LOW HITPOINT WARNING * * *
Your Unarmed Combat skill increases to level 6!
The yak attacks as you move away! The yak gores you!
* * * LOW HITPOINT WARNING * * *
The yak attacks as you move away! The yak misses you. The yak gores you!
* * * LOW HITPOINT WARNING * * *
Okay, then.
The yak attacks as you move away! The yak closely misses you.
The yak attacks as you move away! The yak barely misses you.
There is a stone staircase leading up, spattered with blood here.
The yak gores you.
You die...
Your body crumbles into a pile of gold.

Skill      XL: |  1  2  3  4  5  6  7  8  9 10 |
---------------+-------------------------------+-----
Shapeshifting  | 4 5 6 7 9 |  9.8
Unarmed Combat | 4 5 6 |  6.0
Fighting       | 2 4 |  4.8
Dodging        | 3 5 |  5.0

Action                     |  1- 3 |  4- 6 |  7- 9 | 10-12 || total
---------------------------+-------+-------+-------+-------++-------
  Melee: Unarmed           |    50 |    91 |   224 |     6 ||   371
         Constrict         |    14 |    29 |    43 |       ||    86
         Tentacles         |    10 |    25 |    51 |     2 ||    88
         Punch             |       |     3 |    13 |       ||    16
         Maw               |       |       |    31 |     2 ||    33
  Throw: Dart              |       |     4 |     3 |       ||     7
  Evoke: Wand              |       |       |    11 |       ||    11
    Use: Potion            |       |     1 |       |       ||     1
   Stab: Sleeping          |     7 |     8 |     6 |       ||    21
         Distracted        |       |     1 |     1 |       ||     2
         Paralysed         |       |       |     7 |       ||     7
 Armour: Skin              |     3 |     2 |    10 |       ||    15
  Dodge: Dodged            |    20 |    43 |   100 |     5 ||   168
   Form: Maw               |     1 |       |     1 |       ||     2
         Beast             |     1 |       |       |       ||     1

Levels and vault maps discovered:
D:1:      amcnicky_arrival_choice, layout_loops_ring, minmay_hedge_maze,
          minmay_misc_feat_chi
D:2:      layout_basic, uniq_jessica
D:3:      layout_loops_ring, nicolae_elyvilon_peaceful_grove, serial_shops,
          nicolae_shop_getting_attention, shop, shop, serial_co_window_serial,
          co_window_of_opportunity_a, co_window_corner_a, co_window_paths_b,
          co_window_paths_b, co_window_paths_a, co_window_of_opportunity_a,
          co_window_paths_a, co_window_broadway_a, co_window_broadway_a,
          co_window_of_opportunity_c, co_window_unsneaky_path_e,
          co_window_4corner_b, glass_columns_a, glass_columns_b, uniq_natasha
D:4:      layout_cave_pools, minmay_shop_grid_forest
D:5:      layout_basic, serial_shops, shop, uniq_crazy_yiuf_cottage,
          uniq_menkaure
D:6:      minmay_clustersquares, layout_basic,
          mainiacjoe_overflow_concentric_impassable, minmay_misc_feat_cross,
          water_maze_lemuel, uniq_blork_the_orc
D:7:      layout_basic, lemuel_doored_altar, minmay_temple_entry_large_hall,
          serial_shops, shop, nicolae_stop_n_shop_2, dreamdust_wishing_well,
          nrook_mini_backslash, uniq_prince_ribbit1
D:8:      layout_loops_ring, mainiacjoe_overflow_brackets,
          amcnicky_altar_gilded, overflow_temple_1_default,
          minmay_fractal_squares_gapless_5, uniq_gastronok, uniq_grum
Temple:   eino_wide_crystal_templ

Notes
Turn   | Place    | Note
-------+----------+-------------------------------------------
     0 | D:1      | AIAndy the Octopode Shapeshifter began the quest for the
                  | Orb.
     0 | D:1      | Reached XP level 1. HP: 13/13 MP: 1/1
   101 | D:1      | Reached XP level 2. HP: 18/18 MP: 2/2
   314 | D:1      | Reached XP level 3. HP: 23/23 MP: 3/3
   963 | D:2      | Noticed Jessica
   969 | D:2      | Killed Jessica
   970 | D:2      | Reached skill level 4 in Shapeshifting
   970 | D:2      | Reached XP level 4. HP: 27/28 MP: 4/4
  1172 | D:2      | Identified the ring of Jumnor {rPois rF- rN+++ rCorr
                  | Stlth+}
  1594 | D:3      | Found Sineups's Magic Scroll Boutique.
  1827 | D:3      | Found Toabuodgh's Assorted Antiques.
  1913 | D:3      | Found Zinaf's Antique Armour Emporium.
  1915 | D:3      | Noticed Natasha
  1924 | D:3      | Killed Natasha
  1925 | D:3      | Reached XP level 5. HP: 20/33 MP: 5/5
  2142 | D:3      | Found a white marble altar of Elyvilon.
  2150 | D:3      | Noticed Natasha
  2154 | D:3      | Killed Natasha
  2308 | D:3      | Reached skill level 5 in Shapeshifting
  2717 | D:3      | Reached XP level 6. HP: 12/38 MP: 6/6
  2837 | D:4      | Found Toehiklo's Jewellery Boutique.
  3103 | D:4      | Reached skill level 6 in Shapeshifting
  3269 | D:4      | Reached XP level 7. HP: 39/43 MP: 7/7
  3295 | D:5      | Entered Level 5 of the Dungeon
  3391 | D:4      | You fall into a shaft and drop 3 floors!
  3569 | D:7      | Reached skill level 7 in Shapeshifting
  3662 | D:7      | Found Caasureh's Antique Weapon Emporium.
  3664 | D:7      | Noticed Prince Ribbit
  3678 | D:7      | Found Nevethom's Jewellery Shop.
  3936 | D:5      | Found Keemn's General Store.
  4136 | D:5      | Found a runed translucent door.
  4137 | D:5      | Noticed Crazy Yiuf
  4338 | D:5      | Reached XP level 8. HP: 23/48 MP: 8/8
  4372 | D:5      | Reached skill level 8 in Shapeshifting
  4625 | D:5      | Noticed Menkaure
  4633 | D:5      | Killed Menkaure
  5651 | D:6      | Noticed a two-headed ogre
  5663 | D:6      | Reached skill level 9 in Shapeshifting
  5697 | D:6      | Reached skill level 4 in Unarmed Combat
  5740 | D:6      | Reached skill level 2 in Fighting
  5860 | D:6      | Found a sacrificial altar of Ru.
  5874 | D:6      | Reached skill level 3 in Dodging
  5874 | D:6      | Reached XP level 9. HP: 34/55 MP: 9/9
  6932 | D:7      | Reached skill level 3 in Fighting
  7168 | D:7      | Noticed a gargoyle
  7214 | D:7      | Found a staircase to the Ecumenical Temple.
  7218 | D:7      | Killed a gargoyle
  7219 | D:7      | Reached skill level 5 in Unarmed Combat
  7224 | D:7      | Reached skill level 4 in Dodging
  7229 | Temple   | Entered the Ecumenical Temple
  7244 | Temple   | Became a worshipper of Gozag Ym Sagoz the Greedy
  7275 | D:7      | Found a shimmering blue altar of Sif Muna.
  7973 | D:7      | Killed Prince Ribbit
  7974 | D:7      | Reached skill level 4 in Fighting
  8248 | D:8      | Reached skill level 5 in Dodging
  8248 | D:8      | Reached XP level 10. HP: 42/65 MP: 10/10
  8338 | D:8      | Reached skill level 6 in Unarmed Combat
  8340 | D:8      | HP: 3/65 [yak (12)]
  8344 | D:8      | Slain by a yak

Vanquished Creatures
  A gargoyle (D:7)
  Prince Ribbit (D:7)
  4 yaks (D:8)
  Menkaure (D:5)
  An acid dragon (D:6)
  A water moccasin (D:7)
  An orc warrior (D:7)
  An ice beast (D:7)
  2 sky beasts
  An ogre (D:4)
  2 phantoms
  2 bullfrogs (D:6)
  2 scorpions
  4 wights (D:5)
  2 electric eels (D:6)
  4 hounds
  A gnoll bouda (D:3)
  2 jellies
  3 orc priests (D:6)
  A sleepcap (D:6)
  Jessica (D:2)
  2 iguanas
  Natasha (twice) (D:3)
  5 orc wizards
  6 gnolls
  8 adders
  2 shadow imps
  3 white imps
  2 ufetubi
  A worm (D:3)
  9 dart slugs
  32 orcs
  10 endoplasms
  5 giant cockroaches
  8 goblins
  5 hobgoblins
  2 quokkas
  5 ball pythons
  2 bats
  6 frilled lizards
  5 kobolds
  3 rats
161 creatures vanquished.

Vanquished Creatures (others)
  A butterfly (D:3)
1 creature vanquished.

Grand Total: 162 creatures vanquished

Table legend: (Time is in decaauts)
 A = Elapsed time spent in this place.
 B = Non-inter-level travel time spent in this place.
 C = Inter-level travel time spent in this place.
 D = Time resting spent in this place.
 E = Time spent auto-exploring this place.
 F = Levels seen in this place.
 G = Mean time per level.
                   A        B        C        D        E       F      G
               +--------+--------+--------+--------+--------+-----+--------+
         Total |   8323 |   7895 |    428 |    793 |   5581 |   9 |  924.8 |
       Dungeon |   8292 |   7892 |    400 |    793 |   5581 |   8 | 1036.5 |
        Temple |     30 |      2 |     28 |      0 |      0 |   1 |   30.0 |
               +--------+--------+--------+--------+--------+-----+--------+

Top non-repeatable levels by time:
     D:7: 1822 daAuts
     D:5: 1511 daAuts
     D:3: 1215 daAuts
     D:6: 1205 daAuts
     D:2: 922 daAuts
     D:4: 818 daAuts
     D:1: 662 daAuts
     D:8: 134 daAuts
  Temple: 30 daAuts

Table legend:
 A = Non-vault XP
 B = Vault XP
 C = Vault XP percentage of total XP
 D = Non-vault monster count
 E = Vault monster count
 F = Vault count percentage of total count
                 A         B        C        D         E       F
            +---------+---------+-------+---------+---------+-------
      Total |    4181 |     687 |  14.1 |     155 |       6 |   3.7
            +---------+---------+-------+---------+---------+-------
        D:1 |      35 |       0 |   0.0 |      18 |       0 |   0.0
        D:2 |      58 |      37 |  38.9 |      18 |       1 |   5.3
        D:3 |     168 |      35 |  17.2 |      18 |       1 |   5.3
        D:4 |     360 |       0 |   0.0 |      28 |       0 |   0.0
        D:5 |     560 |     172 |  23.5 |      16 |       1 |   5.9
        D:6 |     883 |     175 |  16.5 |      25 |       2 |   7.4
        D:7 |    1310 |     268 |  17.0 |      28 |       1 |   3.4
        D:8 |     807 |       0 |   0.0 |       4 |       0 |   0.0
            +---------+---------+-------+---------+---------+-------
